| TOP OF THE 1ST |
|
Daytona Beach Islanders batting - Pitching for Dunedin Blue Jays : RHP Scott Whaley
|
|
Pitching: RHP Scott Whaley
|
|
|
Batting: SHB Michael Frierson
|
0-0: Ball 1-0: Ball 2-0: Bunt for hit to 15S - play at first, batter OUT! 1-3
|
|
Batting: RHB Juan Salinas
|
0-0: Fly out, F7 (Flyball, 7S, EV 95.0 MPH)
|
|
Batting: LHB Jim Eppard
|
0-0: Swinging Strike 0-1: Foul Ball, location: 2F 0-2: Foul Ball, location: 2F 0-2: Fly out, F6 (Line Drive, 6, EV 70.6 MPH)
|
| Top of the 1st over - 0 runs, 0 hits, 0 errors, 0 left on base; Daytona Beach 0 - Dunedin 0 |
| BOTTOM OF THE 1ST |
|
Dunedin Blue Jays batting - Pitching for Daytona Beach Islanders : LHP Richard Herendeen
|
|
Pitching: LHP Richard Herendeen
|
|
|
Batting: SHB Albert Hall
|
0-0: Called Strike 0-1: Foul Ball, location: 2F 0-2: Ball 1-2: Foul Ball, location: 2F 1-2: Foul Ball, location: 2F 1-2: Ball 2-2: Ball 3-2: Base on Balls
|
|
Batting: LHB Ray Cosey
|
0-0: Ball 1-0: Fielders Choice at 2nd, 5-4 (Groundball, 56S, EV 87.5 MPH)
|
|
Batting: LHB Dan Logan
|
0-0: Called Strike 0-1: Ball 1-1: DOUBLE (Line Drive, 8RXD, EV 104.4 MPH) Ray Cosey to third
|
|
Batting: RHB Dale Berra
|
0-0: Ball 1-0: Ball 2-0: Fly out, F3 (Popup, 3F, EV 76.3 MPH)
|
|
Batting: RHB Tony Incaviglia
|
0-0: Called Strike 0-1: Swinging Strike 0-2: Foul Ball, location: 2F 0-2: Ball 1-2: Fly out, F8 (Flyball, 8RD, EV 96.9 MPH)
|
| Bottom of the 1st over - 0 runs, 1 hit, 0 errors, 2 left on base; Daytona Beach 0 - Dunedin 0 |
| TOP OF THE 2ND |
|
Daytona Beach Islanders batting - Pitching for Dunedin Blue Jays : RHP Scott Whaley
|
|
Batting: RHB Columbus Duncan
|
0-0: Ball 1-0: Fly out, F4 (Popup, 4MD, EV 48.1 MPH)
|
|
Batting: RHB Gary Kempton
|
0-0: Foul Ball, location: 2F 0-1: SINGLE (Line Drive, 7S, EV 105.6 MPH)
|
|
Batting: RHB Jose Gonzalez
|
0-0: Called Strike 0-1: Foul Ball, location: 2F 0-2: Foul Ball, location: 2F 0-2: Strikes out swinging
|
|
Batting: RHB Jeff Rutledge
|
0-0: Ball 1-0: Ball 2-0: Ball 3-0: Base on Balls Gary Kempton to second
|
|
Batting: RHB Jeffrey Coker
|
0-0: Ball 1-0: Swinging Strike 1-1: Ball 2-1: 3-RUN HOME RUN (Flyball, 7D, EV 109.4 MPH), Distance : 387 ft
|
|
Batting: RHB Robert Whitfield
|
0-0: Foul Ball, location: 2F 0-1: Ball 1-1: Ball 2-1: Ball 3-1: Base on Balls
|
|
Batting: SHB Michael Frierson
|
0-0: Foul Ball, location: 2F 0-1: SINGLE (Groundball, 34D, EV 98.8 MPH) Robert Whitfield to second Runner from 2nd tries for 3rd, SAFE, throw by RF made to third
|
|
Batting: RHB Juan Salinas
|
0-0: Ball 1-0: Foul Ball, location: 2F 1-1: Ball 2-1: Foul Ball, location: 2F 2-2: Ball 3-2: Fly out, F8 (Line Drive, 8RD, EV 98.8 MPH)
|
| Top of the 2nd over - 3 runs, 3 hits, 0 errors, 2 left on base; Daytona Beach 3 - Dunedin 0 |
| BOTTOM OF THE 2ND |
|
Dunedin Blue Jays batting - Pitching for Daytona Beach Islanders : LHP Richard Herendeen
|
|
Batting: RHB David Hall
|
0-0: Ball 1-0: Called Strike 1-1: Foul Ball, location: 2F 1-2: Ball 2-2: Ball 3-2: Foul Ball, location: 2F 3-2: Foul Ball, location: 2F 3-2: Fly out, F4 (Popup, 4MD, EV 66.9 MPH)
|
|
Batting: RHB Steve Curry
|
0-0: Foul Ball, location: 2F 0-1: Called Strike 0-2: Ball 1-2: Foul Ball, location: 2F 1-2: SINGLE (Line Drive, 3D, EV 106.9 MPH)
|
|
Batting: RHB Alfredo Aceves
|
0-0: Ball 1-0: Ball 2-0: Swinging Strike 2-1: Called Strike 2-2: Strikes out swinging Steve Curry is caught stealing 2nd base 2-4 Batter strikes out.
|
| Bottom of the 2nd over - 0 runs, 1 hit, 0 errors, 0 left on base; Daytona Beach 3 - Dunedin 0 |
| TOP OF THE 3RD |
|
Daytona Beach Islanders batting - Pitching for Dunedin Blue Jays : RHP Scott Whaley
|
|
Batting: LHB Jim Eppard
|
0-0: Ball 1-0: Foul Ball, location: 2F 1-1: Foul Ball, location: 2F 1-2: Foul Ball, location: 2F 1-2: Reached on error, E4 (Groundball, 4, EV 86.9 MPH)
|
|
Batting: RHB Columbus Duncan
|
0-0: Ball 1-0: Ball 2-0: Foul Ball, location: 2F 2-1: Fly out, F7 (Line Drive, 7, EV 92.5 MPH)
|
|
Batting: RHB Gary Kempton
|
0-0: Called Strike 0-1: Ball 1-1: Foul Ball, location: 2F 1-2: Foul Ball, location: 2F 1-2: Fly out, F2 (Popup, 23F, EV 83.8 MPH)
|
|
Batting: RHB Jose Gonzalez
|
0-0: Ground out 4-3 (Groundball, 4, EV 103.1 MPH)
|
| Top of the 3rd over - 0 runs, 0 hits, 1 error, 1 left on base; Daytona Beach 3 - Dunedin 0 |
| BOTTOM OF THE 3RD |
|
Dunedin Blue Jays batting - Pitching for Daytona Beach Islanders : LHP Richard Herendeen
|
|
Batting: RHB Tony Walker
|
0-0: Called Strike 0-1: Hit by Pitch
|
|
Batting: SHB Albert Hall
|
0-0: Called Strike Tony Walker steals 2nd base 0-1: Ball 1-1: SINGLE (Groundball, 6MD, EV 100.0 MPH) Tony Walker to third
|
|
Batting: LHB Ray Cosey
|
0-0: Ball 1-0: Called Strike 1-1: Ball 2-1: SINGLE (Line Drive, 8LS, EV 100.0 MPH) Tony Walker scores Albert Hall to second
|
|
Batting: LHB Dan Logan
|
0-0: Ball Albert Hall is caught stealing 3rd base 2-5 Ray Cosey to second 1-0: Fly out, F7 (Flyball, 7LD, EV 100.0 MPH)
|
|
Batting: RHB Dale Berra
|
0-0: Ground out 5-3 (Groundball, 15, EV 89.4 MPH)
|
| Bottom of the 3rd over - 1 run, 2 hits, 0 errors, 1 left on base; Daytona Beach 3 - Dunedin 1 |
| TOP OF THE 4TH |
|
Daytona Beach Islanders batting - Pitching for Dunedin Blue Jays : RHP Scott Whaley
|
|
Batting: RHB Jeff Rutledge
|
0-0: Ball 1-0: Fly out, F8 (Flyball, 8LXD, EV 88.1 MPH)
|
|
Batting: RHB Jeffrey Coker
|
0-0: Ball 1-0: Ball 2-0: Foul Ball, location: 2F 2-1: Foul Ball, location: 2F 2-2: Strikes out swinging
|
|
Batting: RHB Robert Whitfield
|
0-0: Swinging Strike 0-1: Ball 1-1: Foul Ball, location: 2F 1-2: Fly out, F3 (Line Drive, 4, EV 70.6 MPH)
|
| Top of the 4th over - 0 runs, 0 hits, 0 errors, 0 left on base; Daytona Beach 3 - Dunedin 1 |
| BOTTOM OF THE 4TH |
|
Dunedin Blue Jays batting - Pitching for Daytona Beach Islanders : LHP Richard Herendeen
|
|
Batting: RHB Tony Incaviglia
|
0-0: Swinging Strike 0-1: Swinging Strike 0-2: Ball 1-2: Strikes out swinging
|
|
Batting: RHB David Hall
|
0-0: Foul Ball, location: 2F 0-1: Ground out 5-3 (Groundball, 56S, EV 68.8 MPH)
|
|
Batting: RHB Steve Curry
|
0-0: SOLO HOME RUN (Flyball, 7D, EV 96.3 MPH), Distance : 391 ft
|
|
Batting: RHB Alfredo Aceves
|
0-0: Ball 1-0: Foul Ball, location: 2F 1-1: Ball 2-1: Foul Ball, location: 2F 2-2: Foul Ball, location: 2F 2-2: Strikes out swinging
|
| Bottom of the 4th over - 1 run, 1 hit, 0 errors, 0 left on base; Daytona Beach 3 - Dunedin 2 |
| TOP OF THE 5TH |
|
Daytona Beach Islanders batting - Pitching for Dunedin Blue Jays : RHP Scott Whaley
|
|
Now at 1B: Wil Culmer
|
|
|
Batting: SHB Michael Frierson
|
0-0: Called Strike 0-1: Foul Ball, location: 2F 0-2: Ball 1-2: Ball 2-2: Ground out 6-3 (Groundball, 6, EV 87.5 MPH)
|
|
Batting: RHB Juan Salinas
|
0-0: Called Strike 0-1: Ball 1-1: Called Strike 1-2: Ground out 5-3 (Groundball, 56, EV 91.9 MPH)
|
|
Batting: LHB Jim Eppard
|
0-0: Ball 1-0: SINGLE (Line Drive, 9S, EV 106.9 MPH)
|
|
Batting: RHB Columbus Duncan
|
0-0: Ball 1-0: Called Strike 1-1: Ball 2-1: Foul Ball, location: 2F 2-2: Fielders Choice at 2nd, 6-4 (Groundball, 6, EV 81.9 MPH)
|
| Top of the 5th over - 0 runs, 1 hit, 0 errors, 1 left on base; Daytona Beach 3 - Dunedin 2 |
| BOTTOM OF THE 5TH |
|
Dunedin Blue Jays batting - Pitching for Daytona Beach Islanders : LHP Richard Herendeen
|
|
Batting: RHB Tony Walker
|
0-0: Foul Ball, location: 2F 0-1: Foul Ball, location: 2F 0-2: Ball 1-2: Strikes out swinging
|
|
Batting: SHB Albert Hall
|
0-0: Ball 1-0: Ball 2-0: SINGLE (Line Drive, 56, EV 97.5 MPH)
|
|
Batting: LHB Ray Cosey
|
0-0: Ball Albert Hall steals 2nd, throwing error, E2 Albert Hall to third 1-0: Ball 2-0: Fly out, F7 (Flyball, 7S, EV 88.1 MPH)
|
|
Batting: RHB Wil Culmer
|
0-0: Ball 1-0: Called Strike 1-1: Foul Ball, location: 2F 1-2: Ground out 5-3 (Groundball, 56, EV 104.4 MPH)
|
| Bottom of the 5th over - 0 runs, 1 hit, 1 error, 1 left on base; Daytona Beach 3 - Dunedin 2 |
| TOP OF THE 6TH |
|
Daytona Beach Islanders batting - Pitching for Dunedin Blue Jays : RHP Scott Whaley
|
|
Batting: RHB Gary Kempton
|
0-0: Swinging Strike 0-1: Ball 1-1: SINGLE (Groundball, 56D, EV 103.1 MPH)
|
|
Batting: RHB Jose Gonzalez
|
0-0: Bunted foul 0-1: Bunt missed! 0-2: Ball 1-2: Ball 2-2: Ball 3-2: Foul Ball, location: 2F 3-2: Foul Ball, location: 2F 3-2: Foul Ball, location: 2F 3-2: SINGLE (Groundball, 56D, EV 104.4 MPH) Gary Kempton to second
|
|
Batting: RHB Jeff Rutledge
|
0-0: Bunted foul 0-1: Bunted foul 0-2: Ground out U3 (Groundball, 3S, EV 86.9 MPH) Gary Kempton to third Jose Gonzalez to second
|
|
Batting: RHB Jeffrey Coker
|
0-0: SINGLE (Groundball, 6MD, EV 104.4 MPH) Gary Kempton scores Jose Gonzalez to third Runner from 3rd tries for Home, SAFE, throw by CF to home
|
|
Pitching: RHP Jesus Cortez
|
|
|
Batting: RHB Robert Whitfield
|
0-0: Ball 1-0: Grounds into double play, 6-4-3 (Groundball, 6, EV 100.6 MPH)
|
| Top of the 6th over - 2 runs, 3 hits, 0 errors, 0 left on base; Daytona Beach 5 - Dunedin 2 |
| BOTTOM OF THE 6TH |
|
Dunedin Blue Jays batting - Pitching for Daytona Beach Islanders : LHP Richard Herendeen
|
|
Batting: RHB Dale Berra
|
0-0: Called Strike 0-1: Called Strike 0-2: Foul Ball, location: 2F 0-2: Ball 1-2: Foul Ball, location: 2F 1-2: Foul Ball, location: 2F 1-2: Foul Ball, location: 2F 1-2: Fly out, F4 (Popup, 4M, EV 57.5 MPH)
|
|
Batting: RHB Tony Incaviglia
|
0-0: Ground out 2-3 (Groundball, 13S, EV 67.5 MPH)
|
|
Batting: RHB David Hall
|
0-0: Ball 1-0: Called Strike 1-1: Called Strike 1-2: Ball 2-2: Ball 3-2: Strikes out swinging, 2-3 out at first.
|
| Bottom of the 6th over - 0 runs, 0 hits, 0 errors, 0 left on base; Daytona Beach 5 - Dunedin 2 |
| TOP OF THE 7TH |
|
Daytona Beach Islanders batting - Pitching for Dunedin Blue Jays : RHP Jesus Cortez
|
|
Batting: SHB Michael Frierson
|
0-0: Ball 1-0: Swinging Strike 1-1: Swinging Strike 1-2: Ball 2-2: Ball 3-2: Base on Balls
|
|
Batting: RHB Juan Salinas
|
0-0: Ball 1-0: Sac Bunt to 13S - play at first, batter OUT! 1-3 Michael Frierson to second
|
|
Batting: LHB Jim Eppard
|
0-0: Intentional Walk
|
|
Batting: RHB Columbus Duncan
|
0-0: Ball 1-0: Ball 2-0: Ball 3-0: Called Strike 3-1: Fly out, F8 (Line Drive, 8RD, EV 106.9 MPH)
|
|
Batting: RHB Gary Kempton
|
0-0: Ball 1-0: Swinging Strike 1-1: Ball 2-1: Ball 3-1: Called Strike 3-2: DOUBLE (Line Drive, 89M, EV 93.8 MPH) Michael Frierson scores Jim Eppard to third Jim Eppard scores
|
|
Batting: RHB Jose Gonzalez
|
0-0: DOUBLE (Line Drive, 89D, EV 111.3 MPH) Gary Kempton scores
|
|
Pitching: RHP Miguel Alicea
|
|
|
Batting: RHB Jeff Rutledge
|
0-0: Ball 1-0: Ground out 4-3 (Groundball, 4S, EV 77.5 MPH)
|
| Top of the 7th over - 3 runs, 2 hits, 0 errors, 1 left on base; Daytona Beach 8 - Dunedin 2 |
| BOTTOM OF THE 7TH |
|
Dunedin Blue Jays batting - Pitching for Daytona Beach Islanders : LHP Richard Herendeen
|
|
Batting: RHB Steve Curry
|
0-0: Ball 1-0: Called Strike 1-1: Foul Ball, location: 2F 1-2: Ball 2-2: Foul Ball, location: 2F 2-2: SINGLE (Groundball, 56S, EV 62.5 MPH) (infield hit)
|
|
Batting: RHB Alfredo Aceves
|
0-0: Ball 1-0: Called Strike 1-1: Called Strike 1-2: Fly out, F9 (Flyball, 9, EV 81.3 MPH)
|
|
Batting: RHB Tony Walker
|
0-0: Ball 1-0: Ball 2-0: SINGLE (Groundball, 56D, EV 106.3 MPH) Steve Curry to second
|
|
Batting: SHB Albert Hall
|
0-0: Foul Ball, location: 2F 0-1: Swinging Strike 0-2: Foul Ball, location: 2F 0-2: Ball 1-2: Ball 2-2: Fielders Choice at 2nd, 2-6 (Groundball, 2R, EV 66.3 MPH) Steve Curry to third
|
|
Batting: LHB Ray Cosey
|
0-0: Ball 1-0: Ground out U3 (Groundball, 34, EV 81.9 MPH)
|
| Bottom of the 7th over - 0 runs, 2 hits, 0 errors, 2 left on base; Daytona Beach 8 - Dunedin 2 |
| TOP OF THE 8TH |
|
Daytona Beach Islanders batting - Pitching for Dunedin Blue Jays : RHP Miguel Alicea
|
|
Batting: RHB Jeffrey Coker
|
0-0: Ball 1-0: Swinging Strike 1-1: Fly out, F9 (Flyball, 9S, EV 88.1 MPH)
|
|
Batting: RHB Robert Whitfield
|
0-0: Ball 1-0: Fly out, F9 (Flyball, 9S, EV 91.9 MPH)
|
|
Batting: SHB Michael Frierson
|
0-0: Called Strike 0-1: Ball 1-1: Ground out 5-3 (Groundball, 56S, EV 70.0 MPH)
|
| Top of the 8th over - 0 runs, 0 hits, 0 errors, 0 left on base; Daytona Beach 8 - Dunedin 2 |
| BOTTOM OF THE 8TH |
|
Dunedin Blue Jays batting - Pitching for Daytona Beach Islanders : LHP Richard Herendeen
|
|
Batting: RHB Wil Culmer
|
0-0: Ball 1-0: Foul Ball, location: 2F 1-1: Ball 2-1: Foul Ball, location: 2F 2-2: SINGLE (Line Drive, 9S, EV 100.6 MPH)
|
|
Pitching: RHP Randall Rambis
|
|
|
Batting: RHB Dale Berra
|
0-0: Ball 1-0: Ball 2-0: 2-RUN HOME RUN (Flyball, 7D, EV 88.1 MPH), Distance : 399 ft
|
|
Batting: RHB Tony Incaviglia
|
0-0: Ball 1-0: Ball 2-0: Called Strike 2-1: Ball 3-1: Base on Balls
|
|
Batting: RHB David Hall
|
0-0: Ball 1-0: Foul Ball, location: 2F 1-1: Called Strike 1-2: Foul Ball, location: 2F 1-2: Ball 2-2: Foul Ball, location: 2F 2-2: Foul Ball, location: 2F 2-2: Foul Ball, location: 2F 2-2: Fielders Choice at 2nd, 6-4 (Groundball, 6, EV 97.5 MPH)
|
|
Batting: RHB Steve Curry
|
0-0: Called Strike 0-1: Ball 1-1: Foul Ball, location: 2F 1-2: Foul Ball, location: 2F 1-2: Ball 2-2: Ball 3-2: DOUBLE (Groundball, 5L, EV 106.9 MPH) David Hall to third
|
|
Batting: RHB Alfredo Aceves
|
0-0: Called Strike 0-1: Foul Ball, location: 2F 0-2: SINGLE (Line Drive, 78M, EV 92.5 MPH) David Hall scores Steve Curry to third
|
|
Batting: RHB Tony Walker
|
0-0: Ball 1-0: Ball 2-0: Ball 3-0: Called Strike 3-1: Swinging Strike 3-2: Foul Ball, location: 2F 3-2: Foul Ball, location: 2F 3-2: Base on Balls Alfredo Aceves to second
|
|
Pitching: LHP Richard Ford
|
|
|
Batting: SHB Albert Hall
|
0-0: Called Strike 0-1: Ball 1-1: Ball 2-1: Ball 3-1: Called Strike 3-2: Base on Balls Steve Curry scores Alfredo Aceves to third Tony Walker to second
|
|
Batting: LHB Ray Cosey
|
0-0: DOUBLE (Groundball, 5D, EV 110.6 MPH) Alfredo Aceves scores Tony Walker scores Albert Hall to third Runner from 3rd tries for Home, SAFE, no throw by LF
|
|
Batting: RHB Wil Culmer
|
0-0: Swinging Strike 0-1: Called Strike 0-2: Strikes out swinging
|
|
Batting: RHB Dale Berra
|
0-0: Called Strike 0-1: Ground out 5-3 (Groundball, 56, EV 83.1 MPH)
|
| Bottom of the 8th over - 7 runs, 5 hits, 0 errors, 1 left on base; Daytona Beach 8 - Dunedin 9 |
| TOP OF THE 9TH |
|
Daytona Beach Islanders batting - Pitching for Dunedin Blue Jays : RHP Miguel Alicea
|
|
Pitching: LHP Carlos A Diaz
|
|
|
Batting: RHB Juan Salinas
|
0-0: Called Strike 0-1: Foul Ball, location: 2F 0-2: Ball 1-2: Ball 2-2: Foul Ball, location: 2F 2-2: Ball 3-2: Ground out 5-3 (Groundball, 5L, EV 100.6 MPH)
|
|
Batting: LHB Jim Eppard
|
0-0: Ball 1-0: Fly out, F8 (Flyball, 78D, EV 107.5 MPH)
|
|
Batting: RHB Columbus Duncan
|
0-0: Called Strike 0-1: Ball 1-1: Swinging Strike 1-2: Foul Ball, location: 2F 1-2: Foul Ball, location: 2F 1-2: Foul Ball, location: 2F 1-2: Strikes out looking
|
| Top of the 9th over - 0 runs, 0 hits, 0 errors, 0 left on base; Daytona Beach 8 - Dunedin 9 |
|